NYP
LOWELL SPINNERS @ TRI-CITY VALLEYCATS
08/16/2048
 
TOP OF THE 1ST
Lowell Spinners batting - Pitching for Tri-City ValleyCats : RHP Max Warburton
Pitching: RHP Max Warburton
Batting: RHB Aukukero Tairi 0-0: Foul Ball, location: 2F
0-1: Ball
1-1: Ball
2-1: Ball
3-1: Swinging Strike
3-2: Base on Balls
Batting: RHB Matt Parker 0-0: Ball
Aukukero Tairi steals 2nd base
1-0: Ball
2-0: Ball
3-0: Called Strike
3-1: Called Strike
3-2: Base on Balls
Batting: SHB Salvador Padilla 0-0: Foul Ball, location: 2F
0-1: Foul Ball, location: 2F
0-2: Fielders Choice at 2nd, 5-4 (Groundball, 5D, EV 96.9 MPH)
Aukukero Tairi to third
Batting: RHB Xavier Joslin 0-0: Called Strike
Salvador Padilla is caught stealing 2nd base 2-4
0-1: Ball
1-1: Called Strike
1-2: Fly out, F7 (Flyball, 78M, EV 81.2 MPH)
Top of the 1st over - 0 runs, 0 hits, 0 errors, 1 left on base; Lowell 0 - Tri-City 0
BOTTOM OF THE 1ST
Tri-City ValleyCats batting - Pitching for Lowell Spinners : RHP Danny Marquez
Pitching: RHP Danny Marquez
Batting: LHB Josh Corkery 0-0: Ball
1-0: Foul Ball, location: 2F
1-1: Foul Ball, location: 2F
1-2: Foul Ball, location: 2F
1-2: DOUBLE (Line Drive, 89D, EV 102.5 MPH)
Batting: LHB Jackson Trottier 0-0: Called Strike
0-1: Swinging Strike
0-2: Ball
1-2: Strikes out looking
Batting: RHB Dinand Brouwer 0-0: Called Strike
0-1: Ball
1-1: Called Strike
Balk!
Josh Corkery to third
1-2: Ball
Wild Pitch!
Josh Corkery scores
2-2: Foul Ball, location: 2F
2-2: Foul Ball, location: 2F
2-2: Ball
3-2: Foul Ball, location: 2F
3-2: Base on Balls
Batting: LHB Wade Girard Balk!
Dinand Brouwer to second
0-0: Ball
1-0: SINGLE (Groundball, 4MD, EV 94.4 MPH)
Dinand Brouwer to third
Runner from 3rd tries for Home, throw by CF and OUT! 8-2
Batting: RHB Steve Moore 0-0: Ball
1-0: Ball
Balk!
Wade Girard to second
2-0: Swinging Strike
2-1: Ball
3-1: Foul Ball, location: 2F
3-2: Fly out, F7 (Flyball, 7, EV 88.8 MPH)
Bottom of the 1st over - 1 run, 2 hits, 0 errors, 1 left on base; Lowell 0 - Tri-City 1
TOP OF THE 2ND
Lowell Spinners batting - Pitching for Tri-City ValleyCats : RHP Max Warburton
Batting: RHB Raul Sanchez 0-0: TRIPLE (Flyball, 89XD, EV 113.1 MPH)
Batting: RHB Mario Arriero 0-0: Ball
1-0: Called Strike
1-1: Ball
2-1: Fly out, F7 (Flyball, 7, EV 83.8 MPH)
Batting: RHB Willie Camacho 0-0: Called Strike
0-1: Ball
1-1: Ball
Passed Ball!
Raul Sanchez scores
2-1: Swinging Strike
2-2: Ball
3-2: Foul Ball, location: 2F
3-2: Fly out, F4 (Popup, 34, EV 74.4 MPH)
Batting: LHB Robert Gonzalez 0-0: Called Strike
0-1: Ball
1-1: Ball
2-1: SINGLE (Groundball, 4D, EV 94.4 MPH)
Batting: RHB Rogelio Cervantes 0-0: Called Strike
0-1: Ball
Robert Gonzalez is caught stealing 2nd base 2-4
Top of the 2nd over - 1 run, 2 hits, 0 errors, 0 left on base; Lowell 1 - Tri-City 1
BOTTOM OF THE 2ND
Tri-City ValleyCats batting - Pitching for Lowell Spinners : RHP Danny Marquez
Batting: RHB Kieron Clark 0-0: Ball
1-0: Ball
2-0: Called Strike
2-1: Foul Ball, location: 2F
2-2: Foul Ball, location: 2F
2-2: Ball
3-2: Strikes out swinging
Batting: RHB Drew Coleman 0-0: Called Strike
0-1: Ball
1-1: Ball
2-1: Foul Ball, location: 2F
2-2: Ground out 5-3 (Groundball, 56S, EV 85.6 MPH)
Batting: RHB Omar Amaya 0-0: Ball
1-0: Called Strike
1-1: Ball
2-1: Swinging Strike
2-2: Strikes out looking
Bottom of the 2nd over - 0 runs, 0 hits, 0 errors, 0 left on base; Lowell 1 - Tri-City 1
TOP OF THE 3RD
Lowell Spinners batting - Pitching for Tri-City ValleyCats : RHP Max Warburton
Batting: RHB Rogelio Cervantes 0-0: Ground out 6-3 (Groundball, 6, EV 85.0 MPH)
Batting: RHB Aukukero Tairi 0-0: Called Strike
0-1: Ball
1-1: Ball
2-1: Fly out, F9 (Flyball, 9, EV 88.8 MPH)
Batting: RHB Matt Parker 0-0: Ball
1-0: Called Strike
1-1: Ball
2-1: Fly out, F9 (Flyball, 9LM, EV 81.9 MPH)
Top of the 3rd over - 0 runs, 0 hits, 0 errors, 0 left on base; Lowell 1 - Tri-City 1
BOTTOM OF THE 3RD
Tri-City ValleyCats batting - Pitching for Lowell Spinners : RHP Danny Marquez
Batting: RHB Yoshitoshi Mori 0-0: Ground out U3 (Groundball, 34S, EV 88.1 MPH)
Batting: LHB Josh Corkery 0-0: Ball
1-0: Ball
2-0: Ball
3-0: Called Strike
3-1: Foul Ball, location: 2F
3-2: Fly out, F8 (Flyball, 8LM, EV 80.6 MPH)
Batting: LHB Jackson Trottier 0-0: Ball
1-0: Called Strike
1-1: Ball
2-1: Ground out 4-3 (Groundball, 34, EV 106.9 MPH)
Bottom of the 3rd over - 0 runs, 0 hits, 0 errors, 0 left on base; Lowell 1 - Tri-City 1
TOP OF THE 4TH
Lowell Spinners batting - Pitching for Tri-City ValleyCats : RHP Max Warburton
Batting: SHB Salvador Padilla 0-0: Ball
1-0: Ball
2-0: Foul Ball, location: 2F
2-1: Foul Ball, location: 2F
2-2: Ball
3-2: Foul Ball, location: 2F
3-2: Foul Ball, location: 2F
3-2: DOUBLE (Flyball, 8RXD, EV 103.8 MPH)
Batting: RHB Xavier Joslin 0-0: Swinging Strike
0-1: Ball
1-1: Fly out, F7 (Flyball, 78XD, EV 109.4 MPH)
Runner from 2nd tags up, SAFE at 3rd, no throw by LF
Batting: RHB Raul Sanchez 0-0: Called Strike
0-1: Foul Ball, location: 2F
0-2: Strikes out looking
Batting: RHB Mario Arriero 0-0: Ground out 6-3 (Groundball, 6, EV 102.5 MPH)
Top of the 4th over - 0 runs, 1 hit, 0 errors, 1 left on base; Lowell 1 - Tri-City 1
BOTTOM OF THE 4TH
Tri-City ValleyCats batting - Pitching for Lowell Spinners : RHP Danny Marquez
Batting: RHB Dinand Brouwer 0-0: Ball
1-0: Ball
2-0: Called Strike
2-1: Foul Ball, location: 2F
2-2: Hit by Pitch
Batting: LHB Wade Girard 0-0: Ball
1-0: Fielders Choice at 2nd, 3-6 (Groundball, 3, EV 81.9 MPH)
Batting: RHB Steve Moore 0-0: Ball
1-0: Ball
Wild Pitch!
Wade Girard to second
2-0: Ball
3-0: Base on Balls
Batting: RHB Kieron Clark 0-0: Ball
1-0: Ball
2-0: Ball
3-0: Base on Balls
Wade Girard to third
Steve Moore to second
Batting: RHB Drew Coleman Balk!
Wade Girard scores
Steve Moore to third
Kieron Clark to second
0-0: SINGLE (Line Drive, 34D, EV 111.2 MPH)
Steve Moore scores
Kieron Clark to third
Batting: RHB Omar Amaya 0-0: Foul Ball, location: 2F
0-1: Ball
1-1: Called Strike
1-2: Strikes out looking
Batting: RHB Yoshitoshi Mori 0-0: Ball
1-0: Called Strike
Balk!
Kieron Clark scores
Drew Coleman to second
1-1: Ball
2-1: Ball
Wild Pitch!
Drew Coleman to third
3-1: Base on Balls
Batting: LHB Josh Corkery 0-0: Ball
1-0: Called Strike
1-1: Ball
2-1: Ground out U3 (Groundball, 3, EV 95.6 MPH)
Bottom of the 4th over - 3 runs, 1 hit, 0 errors, 2 left on base; Lowell 1 - Tri-City 4
TOP OF THE 5TH
Lowell Spinners batting - Pitching for Tri-City ValleyCats : RHP Max Warburton
Batting: RHB Willie Camacho 0-0: Called Strike
0-1: Ball
1-1: Ball
2-1: Called Strike
2-2: Fly out, F8 (Line Drive, 8RM, EV 93.1 MPH)
Batting: LHB Robert Gonzalez 0-0: Ball
1-0: Ball
2-0: Ball
3-0: Called Strike
3-1: Base on Balls
Batting: RHB Rogelio Cervantes 0-0: Ball
1-0: Ball
Robert Gonzalez steals 2nd base
2-0: Ground out 3-1 (Groundball, 34S, EV 85.6 MPH)
Robert Gonzalez to third
Batting: RHB Aukukero Tairi 0-0: Swinging Strike
0-1: Ball
1-1: Foul Ball, location: 2F
1-2: Foul Ball, location: 2F
1-2: Ball
2-2: Strikes out swinging
Top of the 5th over - 0 runs, 0 hits, 0 errors, 1 left on base; Lowell 1 - Tri-City 4
BOTTOM OF THE 5TH
Tri-City ValleyCats batting - Pitching for Lowell Spinners : RHP Danny Marquez
Batting: LHB Jackson Trottier 0-0: SOLO HOME RUN (Flyball, 7D, EV 95.0 MPH), Distance : 362 ft
Pitching: LHP Chris Deans
Batting: RHB Dinand Brouwer 0-0: Ball
1-0: Ball
2-0: Foul Ball, location: 2F
2-1: Ball
3-1: Base on Balls
Batting: LHB Wade Girard 0-0: Called Strike
0-1: Called Strike
0-2: Fielders Choice at 2nd, 2-4 (Groundball, 15S, EV 75.0 MPH)
Batting: RHB Steve Moore 0-0: Ball
1-0: Ball
2-0: Foul Ball, location: 2F
2-1: Called Strike
2-2: Ball
3-2: Strikes out swinging
Wade Girard is caught stealing 2nd base 2-4
Batter strikes out.
Bottom of the 5th over - 1 run, 1 hit, 0 errors, 0 left on base; Lowell 1 - Tri-City 5
TOP OF THE 6TH
Lowell Spinners batting - Pitching for Tri-City ValleyCats : RHP Max Warburton
Batting: RHB Matt Parker 0-0: Ball
1-0: Foul Ball, location: 2F
1-1: Called Strike
1-2: Foul Ball, location: 2F
1-2: Ground out 6-3 (Groundball, 6, EV 88.8 MPH)
Batting: SHB Salvador Padilla 0-0: Ball
1-0: Ball
2-0: Ball
3-0: Base on Balls
Batting: RHB Xavier Joslin 0-0: Ball
1-0: Ball
Salvador Padilla is caught stealing 2nd base 2-4
2-0: Ball
3-0: Base on Balls
Batting: RHB Raul Sanchez 0-0: Ball
1-0: Fielders Choice at 2nd, 6-4 (Groundball, 6, EV 97.5 MPH)
Top of the 6th over - 0 runs, 0 hits, 0 errors, 1 left on base; Lowell 1 - Tri-City 5
BOTTOM OF THE 6TH
Tri-City ValleyCats batting - Pitching for Lowell Spinners : LHP Chris Deans
Batting: RHB Kieron Clark 0-0: Called Strike
0-1: Ground out 6-3 (Groundball, 6, EV 101.2 MPH)
Batting: RHB Drew Coleman 0-0: Ground out 6-3 (Groundball, 6, EV 86.9 MPH)
Batting: RHB Omar Amaya 0-0: Called Strike
0-1: SINGLE (Groundball, 6MS, EV 70.0 MPH) (infield hit)
Batting: RHB Yoshitoshi Mori 0-0: Ball
Omar Amaya steals 2nd, throwing error, E2
Omar Amaya to third
1-0: SINGLE (Groundball, 6D, EV 100.6 MPH)
Omar Amaya scores
Batting: LHB Josh Corkery 0-0: Ball
1-0: Foul Ball, location: 2F
1-1: Ground out U3 (Groundball, 3, EV 77.5 MPH)
Bottom of the 6th over - 1 run, 2 hits, 1 error, 1 left on base; Lowell 1 - Tri-City 6
TOP OF THE 7TH
Lowell Spinners batting - Pitching for Tri-City ValleyCats : RHP Max Warburton
Batting: RHB Mario Arriero 0-0: Called Strike
0-1: Ball
1-1: Ball
2-1: SINGLE (Line Drive, 34D, EV 94.4 MPH)
Batting: RHB Willie Camacho 0-0: Ball
1-0: SINGLE (Line Drive, 89S, EV 99.4 MPH)
Mario Arriero to second
Batting: LHB Robert Gonzalez 0-0: Called Strike
0-1: Ball
1-1: Bunted foul
1-2: SINGLE (Groundball, 34S, EV 64.4 MPH) (infield hit)
Mario Arriero to third
Willie Camacho to second
Pitching: RHP Addick Huiberts
Pinch Hitting: RHB Guillermo Quintero 0-0: Foul Ball, location: 2F
0-1: TRIPLE (Groundball, 3L, EV 115.6 MPH)
Mario Arriero scores
Willie Camacho scores
Robert Gonzalez scores
Batting: RHB Aukukero Tairi 0-0: Ball
1-0: Called Strike
1-1: Foul Ball, location: 2F
1-2: Ground out 4-3 (Groundball, 4, EV 91.2 MPH)
Guillermo Quintero scores
Batting: RHB Matt Parker 0-0: Swinging Strike
0-1: Ball
1-1: Ball
2-1: Foul Ball, location: 2F
2-2: Foul Ball, location: 2F
2-2: Foul Ball, location: 2F
2-2: Fly out, F2 (Popup, 13S, EV 78.1 MPH)
Batting: SHB Salvador Padilla 0-0: Called Strike
0-1: DOUBLE (Line Drive, 3D, EV 111.9 MPH)
Batting: RHB Xavier Joslin 0-0: Ball
1-0: Ground out 6-3 (Groundball, 6, EV 106.9 MPH)
Top of the 7th over - 4 runs, 5 hits, 0 errors, 1 left on base; Lowell 5 - Tri-City 6
BOTTOM OF THE 7TH
Tri-City ValleyCats batting - Pitching for Lowell Spinners : LHP Chris Deans
Now at 1B: Guillermo Quintero
Now at SS: Salvador Padilla
Batting: LHB Jackson Trottier 0-0: Called Strike
0-1: Ball
1-1: Ball
2-1: SINGLE (Groundball, 34D, EV 98.8 MPH)
Batting: RHB Dinand Brouwer 0-0: Called Strike
0-1: Fielders Choice at 2nd, 5-4 (Groundball, 56, EV 81.9 MPH)
Batting: LHB Wade Girard 0-0: Fielders Choice at 2nd, 5-4 (Groundball, 56, EV 85.6 MPH)
Batting: RHB Steve Moore 0-0: Swinging Strike
0-1: Ball
1-1: Ball
2-1: Ball
3-1: Reached on error, E6 (Groundball, 6, EV 110.0 MPH)
Wade Girard to second
Batting: RHB Kieron Clark 0-0: Ball
1-0: Ball
2-0: Ground out 6-3 (Groundball, 6S, EV 86.9 MPH)
Bottom of the 7th over - 0 runs, 1 hit, 1 error, 2 left on base; Lowell 5 - Tri-City 6
TOP OF THE 8TH
Lowell Spinners batting - Pitching for Tri-City ValleyCats : RHP Addick Huiberts
Batting: RHB Raul Sanchez 0-0: Foul Ball, location: 2F
0-1: Ball
1-1: Ball
2-1: Swinging Strike
2-2: Ball
3-2: Foul Ball, location: 2F
3-2: Strikes out swinging
Batting: RHB Mario Arriero 0-0: Fly out, F2 (Popup, 23F, EV 89.4 MPH)
Batting: RHB Willie Camacho 0-0: Called Strike
0-1: Foul Ball, location: 2F
0-2: Ball
1-2: Foul Ball, location: 2F
1-2: Foul Ball, location: 2F
1-2: Ball
2-2: Ball
3-2: Foul Ball, location: 2F
3-2: Strikes out looking
Top of the 8th over - 0 runs, 0 hits, 0 errors, 0 left on base; Lowell 5 - Tri-City 6
BOTTOM OF THE 8TH
Tri-City ValleyCats batting - Pitching for Lowell Spinners : LHP Chris Deans
Batting: RHB Drew Coleman 0-0: Called Strike
0-1: Ball
1-1: Ball
2-1: Ball
3-1: SINGLE (Groundball, 6MS, EV 72.5 MPH) (infield hit)
Pitching: RHP Tyler Tomblin
Batting: RHB Omar Amaya 0-0: Ball
1-0: Fly out, F9 (Flyball, 89M, EV 77.5 MPH)
Batting: RHB Yoshitoshi Mori 0-0: Called Strike
Drew Coleman steals 2nd base
0-1: Swinging Strike
0-2: Ball
1-2: Foul Ball, location: 2F
1-2: Ball
2-2: SINGLE (Groundball, 56D, EV 96.2 MPH)
Drew Coleman to third
Runner from 3rd tries for Home, SAFE, throw by LF to home
Batting: LHB Josh Corkery 0-0: Foul Ball, location: 2F
0-1: Ball
1-1: Foul Ball, location: 2F
1-2: Ball
2-2: Ball
3-2: Fly out, F4 (Popup, 4, EV 52.5 MPH)
Batting: LHB Jackson Trottier 0-0: Foul Ball, location: 2F
0-1: Ball
1-1: Called Strike
1-2: Strikes out looking
Bottom of the 8th over - 1 run, 2 hits, 0 errors, 1 left on base; Lowell 5 - Tri-City 7
TOP OF THE 9TH
Lowell Spinners batting - Pitching for Tri-City ValleyCats : RHP Addick Huiberts
Batting: LHB Robert Gonzalez 0-0: Called Strike
0-1: Ball
1-1: Swinging Strike
1-2: Fly out, F9 (Flyball, 9, EV 92.5 MPH)
Batting: RHB Guillermo Quintero 0-0: Swinging Strike
0-1: Ground out 5-3 (Groundball, 56, EV 76.9 MPH)
Batting: RHB Aukukero Tairi 0-0: Ball
1-0: Hit by Pitch
Batting: RHB Matt Parker 0-0: Called Strike
0-1: TRIPLE (Flyball, 78XD, EV 105.6 MPH)
Aukukero Tairi scores
Batting: SHB Salvador Padilla 0-0: Foul Ball, location: 2F
0-1: DOUBLE (Flyball, 8LXD, EV 93.1 MPH)
Matt Parker scores
Batting: RHB Xavier Joslin 0-0: Ball
1-0: SINGLE (Groundball, 6MD, EV 97.5 MPH)
Salvador Padilla to third
Runner from 3rd tries for Home, SAFE, throw by CF to home
Pitching: RHP Russ Greer
Batting: RHB Raul Sanchez 0-0: Called Strike
0-1: Foul Ball, location: 2F
0-2: Ball
1-2: Ball
2-2: Ball
3-2: Base on Balls
Xavier Joslin to second
Batting: RHB Mario Arriero 0-0: Ball
1-0: Ball
2-0: Ball
3-0: Called Strike
3-1: Base on Balls
Xavier Joslin to third
Raul Sanchez to second
Batting: RHB Willie Camacho 0-0: Ball
1-0: Called Strike
1-1: Ball
2-1: Foul Ball, location: 2F
2-2: Strikes out swinging
Top of the 9th over - 3 runs, 3 hits, 0 errors, 3 left on base; Lowell 8 - Tri-City 7
BOTTOM OF THE 9TH
Tri-City ValleyCats batting - Pitching for Lowell Spinners : RHP Tyler Tomblin
Pitching: RHP Tim Tucker
Batting: RHB Dinand Brouwer 0-0: Ball
1-0: Foul Ball, location: 2F
1-1: Ball
2-1: Swinging Strike
2-2: Strikes out swinging
Batting: LHB Wade Girard 0-0: Foul Ball, location: 2F
0-1: Foul Ball, location: 2F
0-2: Strikes out swinging
Pinch Hitting: LHB Tomas de Zeeuw 0-0: Ball
1-0: Ball
2-0: Fly out, F7 (Flyball, 7D, EV 97.5 MPH)
Bottom of the 9th over - 0 runs, 0 hits, 0 errors, 0 left on base; Lowell 8 - Tri-City 7
Tuesday, March 28th , 2023 - OOTP Baseball 23.10 Build 110